 Dungeon Crawl Stone Soup version 0.17-a0-1133-gfb1399f (webtiles) character file.

7 InterDimensionalOwl the Vexing (level 1, -5/7 HPs)
             Began as a Felid Enchanter on May 25, 2015.
             Slain by a hobgoblin
             ... wielding a +0 club
              (7 damage)
             ... on level 1 of the Dungeon.
             The game lasted 00:02:17 (508 turns).

InterDimensionalOwl the Vexing (Felid Enchanter)     Turns: 508, Time: 00:02:17

Health: -5/7       AC:  1    Str:  4    XL:     1   Next: 91%
Magic:  4/4        EV: 18    Int: 16    God:
Gold:   14         SH:  0    Dex: 16    Spells: 1 memorised, 3 levels left
                                        Lives:  0   Deaths: 0

rFire  . . .     SeeInvis +       - Unarmed
rCold  . . .     Clarity  .     (armour unavailable)
rNeg   . . .     SustAt   .     (shield unavailable)
rPois  .         Gourm    .     (helmet unavailable)
rElec  .         Spirit   .     (cloak unavailable)
rCorr  .         Warding  .     (gloves unavailable)
rMut   .         Stasis   .     (boots unavailable)
MR     .....                    (no amulet)
Stlth  +++.......               (no ring)
                                (no ring)

@: quick, not resistant to hostile enchantments, fairly stealthy
A: no armour, no weapons or thrown items, claws 1, fangs 3, see invisible,
carnivore 3, speed 1, shaggy fur 1, slow metabolism 1, sharp paws
a: no special abilities


You were on level 1 of the Dungeon.
You were full.

You visited 1 branch of the dungeon, and saw 1 of its levels.

You collected 14 gold pieces.

Inventory:

Scrolls
 d - a scroll of amnesia {unknown}
 e - a scroll of enchant armour {unknown}
 g - a scroll of teleportation {unknown}
Potions
 c - 2 potions of resistance {unknown}
Books
 a - a book of Maledictions

   Spells                             Type                      Level
   a - Corona                         Hexes                        1
   b - Ensorcelled Hibernation        Hexes/Ice                    2
   c - Confuse                        Hexes                        3
   d - Tukima's Dance                 Hexes                        3
   e - Dazzling Spray                 Conjuration/Hexes            3
Comestibles
 b - a meat ration
 f - a beef jerky


   Skills:
 - Level 2.6 Dodging
 - Level 4.0 Stealth
 + Level 2.0 Unarmed Combat
 - Level 2.0 Spellcasting
 - Level 4.4 Hexes


You had 3 spell levels left.
You knew the following spells:

 Your Spells              Type           Power        Failure   Level  Hunger
a - Corona                Hex            ###....      4%          1    #......


Dungeon Overview and Level Annotations

Branches:
Dungeon (1/15)

Altars:


Innate Abilities, Weirdness & Mutations

You cannot wear armour.
You are incapable of wielding weapons or throwing items.
You have sharp claws.
You have razor-sharp teeth.
You have supernaturally acute eyesight.
You are carnivorous and can eat meat at any time.
You cover ground quickly.
You are covered in fur (AC +1).
You have a slow metabolism.
Your sharp claws are effective at attacking unaware monsters.


Message History

Your Unarmed Combat skill increases to level 2!
You see here a club.
You open the door.
There is an open door here.
There is an open door here.
A hobgoblin comes into view. It is wielding a club.
The hobgoblin shouts!
The hobgoblin closely misses you.
You scratch the hobgoblin.
The hobgoblin begins to bleed from its wounds!
The hobgoblin is almost dead.
The hobgoblin hits you with a club.
Ouch! That really hurt!
* * * LOW HITPOINT WARNING * * *
A ball python comes into view.
You closely miss the hobgoblin.
The hobgoblin is almost dead.
The hobgoblin hits you with a club!
Ouch! That really hurt!
You die...

.....### #.......##.######
≈≈≈≈≈≈≈# ##########(...#
≈≈≈≈≈8≈# ### ####........### .
≈≈≈≈8≈≈# #..
..##.##.......##.# #''#≈≈≈#
#.# #S##.#...........#
#..#≈≈≈#
#.####.##.#........##.#
#.<#≈§≈# ##.##.........[...#.#
.
####≈≈≈###.......##.#......#.#
≈≈≈≈8≈≈##....###@##.#......#.#
≈≈≈≈≈8≈#.....# #g##........#.#
≈≈≈≈≈≈≈##....###.####........#
.......###.......# ###.######
.#.###.# ##.###### ##'## ###.
.# #.# ##...## #.### ##.....##
# #.#.## ##.......## ##
.####....####.........####.


You could see a hobgoblin (bleeding) and a ball python.

Vanquished Creatures
  2 goblins (D:1)
  2 hobgoblins (D:1)
  2 kobolds (D:1)
6 creatures vanquished.

Notes
Turn   | Place    | Note
--------------------------------------------------------------
     0 | D:1      | InterDimensionalOwl the Felid Enchanter began the quest for the Orb.
     0 | D:1      | Reached XP level 1. HP: 7/7 MP: 4/4
   508 | D:1      | Slain by a hobgoblin

Vault maps used:
D:1:      lightli_arrival_boilingwater

Action                   || total
-------------------------++-------
Melee: Unarmed           ||    22
 Stab: Sleeping          ||     3
  Eat: Chunk             ||     3
